[Event "*** Titled Tuesday Blitz"]
[Site "Chess.com"]
[Date "2020.04.14"]
[Round "5"]
[White "Gabix_94"]
[Black "ftorodent"]
[Result "1-0"]
[WhiteElo "2867"]
[BlackElo "2676"]
[TimeControl "180+1"]
[EndTime "10:51:55 PDT"]
[Termination "Gabix_94 won on time"]

1. d4 d5 2. c4 e6 3. Nc3 Be7 4. Nf3 Nf6 5. Bf4 O-O 6. e3 Nbd7 7. Qc2 c5 8. dxc5 Nxc5 9. Be2 dxc4 10. Bxc4 a6 11.
Rd1 Qe8 12. O-O b5 13. Be2 Bb7 14. a3 Rc8 15. Qb1 Nfe4 16. Na2 f6 17. Nb4 e5 18. Bg3 Qf7 19. Rfe1 Nxg3 20. hxg3 Be4 21. Qa2 Qxa2 22. Nxa2 Bc2 23. Rd2 Nb3 24. Rd7 Kf7 25. Nb4 Ke6 26.
Ra7 Bxb4 27. axb4 Ra8 28. Rxg7 Rg8 29. Rc7 Rgc8 30. Rxc8 Rxc8 31. Nh4 Rd8 32. Bf3 e4 33.
Bg4+ Ke5 34. f4+ exf3 35. Nxf3+ Kd6 36. Kf2 Rg8 37. Bh3 a5 38. bxa5 Nxa5 39. Nd4 Ba4 40. Be6 Re8 41. b3 Rxe6 42. bxa4 Re5 43. axb5 Nc4 44.
Re2 Kc5 45. g4 Re4 46. Kf3 Re7 47. g3 Ne5+ 48. Kf4 Nd3+ 49. Kf5 Rd7 50. Rc2+ Kb4 51.
b6 Rb7 52. Rc6 Ne5 53. Rxf6 Nc4 54. Nc6+ Kc3 55. Ne5 Nxe3+ 56. Ke4 1-0

[Event "*** Titled Tuesday Blitz"]
[Site "Chess.com"]
[Date "2020.04.14"]
[Round "5"]
[White "dukicz123"]
[Black "varacalli"]
[Result "1-0"]
[WhiteElo "2561"]
[BlackElo "2378"]
[TimeControl "180+1"]
[EndTime "10:51:55 PDT"]
[Termination "dukicz123 won by resignation"]

1. e4 e5 2. Nf3 Nc6 3. d4 exd4 4.
Nxd4 Bc5 5. Nxc6 Qf6 6. Qf3 dxc6 7. Nc3 Be6 8. Qg3 O-O-O 9. Be3 Bxe3 10. Qxe3 Kb8 11. Bd3 Ne7 12. f4 Qd4 13. Qxd4 Rxd4 14. O-O-O Rhd8 15. f5 Bc8 16. Ne2 R4d7 17. Bc4 Rxd1+ 18. Rxd1 Rxd1+ 19. Kxd1 f6 20. Nf4 g6 21. g4 b5 22. Be6 Bxe6 23. Nxe6 Kc8 24. Ke2 Kd7 25.
Nf8+ Kd6 26. Nxh7 Ke5 27. Kf3 gxf5 28. gxf5 c5 29. Nf8 Ng8 30. Ng6+ Kd6 31. Kf4 c4 32. h4 a5 33. h5 b4 34. c3 a4 35. a3 c5 36. e5+ fxe5+ 37. Nxe5 Nf6 38. Nxc4+ Kd5 39. Nb6+ Kc6 40. Nxa4 Nxh5+ 41. Kg5 Ng7 42. axb4 cxb4 43. cxb4 Kb5 44. f6 Ne6+ 45. Kf5 Nf8 46. Nc3+ Kxb4 47. f7 Kc5 48. Kf6 Kd6 49. Ne4+ Kd5 50. Ng5 Kc4 51. Ne6 Nd7+ 52. Kg7 Kb4 53.
b3 Kb5 54. Nc7+ Kb4 55. Ne6 Kb5 56. Kg8 Kb4 57. Kh7 Kb5 58. Kh6 Kc6 59. b4 Kb5 60.
Nc5 Nxc5 61. bxc5 1-0

[Event "*** Titled Tuesday Blitz"]
[Site "Chess.com"]
[Date "2020.04.14"]
[Round "5"]
[White "CakeinSpace2002"]
[Black "PavelChernomordik"]
[Result "0-1"]
[WhiteElo "2207"]
[BlackElo "2430"]
[TimeControl "180+1"]
[EndTime "10:51:55 PDT"]
[Termination "PavelChernomordik won by resignation"]

1. e4 g6 2. d4 Bg7 3. Nc3 d6 4.
Bg5 h6 5. Be3 a6 6. a4 b6 7. Qd2 Bb7 8. f4 Nf6 9. Bd3 Ng4 10. Nf3 Nxe3 11. Qxe3 c5 12. d5 Qc7 13.
Bc4 Nd7 14. O-O b5 15. axb5 Nb6 16. Be2 O-O 17. bxa6 Bc8 18. e5 Bg4 19. e6 f5 20.
h3 Bxf3 21. Qxf3 Bd4+ 22. Kh1 Kh7 23. Rfd1 Bf6 24. g4 fxg4 25. Qxg4 Rg8 26. Bd3 Bxc3 27. bxc3 Nxd5 28. f5 Raf8 29. fxg6+ Kg7 30. Rf1 Ne3 31. Qg3 Nxf1 32. Bxf1 Qc6+ 33. Bg2 Qb6 34. a7 Qb2 35. a8=Q Rxa8 36. Rxa8 Rxa8 37. Bxa8 Qxc2 38. Qf3 Qxg6 39. Bd5 Qb1+ 40. Kh2 Qc2+ 41. Kg3 Qg6+ 42. Qg4 h5 43. Qxg6+ Kxg6 44. c4 Kg5 45. h4+ Kf5 46. Kf3 Ke5 47. Ke3 Kf5 48. Bf3 Kxe6 49. Bxh5 d5 50. Bg4+ Ke5 51.
cxd5 Kxd5 52. Kf4 c4 53. h5 c3 54. h6 c2 55. Bf3+ Kd4 56. h7 c1=Q+ 57. Kg4 Qh6 0-1

[Event "*** Titled Tuesday Blitz"]
[Site "Chess.com"]
[Date "2020.04.14"]
[Round "5"]
[White "kleopl"]
[Black "wnstop"]
[Result "0-1"]
[WhiteElo "2390"]
[BlackElo "2582"]
[TimeControl "180+1"]
[EndTime "10:51:56 PDT"]
[Termination "wnstop won by resignation"]

1. c4 e5 2. Nc3 Bb4 3. Nd5 Be7 4. Nf3 d6 5. d4 c6 6. Nc3 Nd7 7. e4 Ngf6 8. Be2 O-O 9. O-O a6 10. a4 a5 11. h3 Qe8 12. Re1 Bd8 13. Bf1 Bb6 14. Be3 Qe7 15. b3 Re8 16. Qc2 Nh5 17.
Rad1 h6 18. Qd2 Qf6 19. Be2 Nf4 20. Bxf4 exf4 21. Nh2 Nf8 22. Bg4 Ne6 23. Ne2 g5 24.
Bxe6 Bxe6 25. f3 h5 26. h4 g4 27. Qxf4 Qxh4 28. Ng3 Rad8 29. Nhf1 f6 30. Qh6 Re7 31.
Qxh5 Qxh5 32. Nxh5 gxf3 33. gxf3 Kf7 34. Kf2 Rh8 35.
Nhg3 Ree8 36. Ke3 Rh3 37. Re2 Rg8 38. Rg2 d5 39. cxd5 cxd5 40. Rc1 dxe4 41. Kxe4 Rd8 42. Rd1 Bxb3 43. Rdd2 Bc4 44. Ne3 Re8+ 45. Kf4 Bc7+ 46. Kg4 Rxg3+ 47. Rxg3 Rxe3 48. Rc2 Be6+ 49. Kh4 Bxg3+ 50.
Kxg3 Bd5 51. Rc7+ Ke6 52. Kf4 Rxf3+ 53. Kg4 Ra3 0-1

[Event "*** Titled Tuesday Blitz"]
[Site "Chess.com"]
[Date "2020.04.14"]
[Round "5"]
[White "KingChess345"]
[Black "misha_chessone"]
[Result "1-0"]
[WhiteElo "2060"]
[BlackElo "2167"]
[TimeControl "180+1"]
[EndTime "10:51:56 PDT"]
[Termination "KingChess345 won on time"]

1. d4 d5 2. Nf3 Nf6 3. g3 Bf5 4. Bg2 h6 5. O-O e6 6. c4 c6 7.
Qb3 Qb6 8. c5 Qxb3 9. axb3 Be7 10. Nc3 O-O 11. b4 a6 12. b5 cxb5 13. Nxb5 Nc6 14.
Nc3 Ne4 15. Bf4 g5 16. Bc7 Rac8 17. Bb6 Bd8 18. Na4 Nb4 19. Rfc1 Bf6 20. e3 g4 21. Ne1 Nd2 22. Ba5 Nb3 23. Bxb4 Nxa1 24. Rxa1 Rcd8 25. c6 bxc6 26. Bxf8 Kxf8 27. Bf1 e5 28.
dxe5 Bxe5 29. Bd3 Bc8 30. Nc2 Bd6 31. b4 Ke7 32. Nc5 a5 33. Rxa5 Kf6 34. Nd4 h5 35.
Nxc6 Rh8 36. h4 gxh3 37. Na7 Bg4 38. Ra6 Ke7 39. Nc6+ Kf6 40. Nd4 Ke7 41. Be2 Bc8 42. Ra7+ Kf6 43. Nd3 h4 44. g4 Rg8 45. f3 h2+ 46. Kg2 h3+ 47. Kh1 Be6 48. Nf4 Bxf4 49. exf4 Bc8 50. Kxh2 Re8 51. Rc7 Ba6 52. Bxa6 Re3 53.
Kxh3 Rc3 54. Rxc3 Kg6 55. Rc6+ f6 56. g5 Kh5 57. gxf6 1-0

[Event "*** Titled Tuesday Blitz"]
[Site "Chess.com"]
[Date "2020.04.14"]
[Round "5"]
[White "WelshTiger"]
[Black "jk13"]
[Result "1/2-1/2"]
[WhiteElo "2284"]
[BlackElo "2771"]
[TimeControl "180+1"]
[EndTime "10:51:57 PDT"]
[Termination "Game drawn - insufficient material"]

1. e4 e5 2. Nf3 Nc6 3. Nc3 Nf6 4. d4 exd4 5. Nxd4 Bb4 6. Nxc6 bxc6 7. Bd3 d5 8. exd5 O-O 9. O-O cxd5 10. h3 h6 11.
Qf3 Be6 12. Bf4 Bd6 13. Nb5 Bxf4 14. Qxf4 c6 15. Nd4 Bd7 16. Nb3 Qb6 17. Qd6 Rad8 18. Qc5 Be6 19. Rfe1 Rfe8 20. Re2 Nd7 21. Qxb6 axb6 22.
Nd4 c5 23. Nxe6 Rxe6 24. Rae1 Rxe2 25. Bxe2 Kf8 26. Bb5 Nf6 27. g4 g5 28. Kg2 Ne4 29.
Bc6 Nf6 30. Rd1 Rd6 31. Bb5 Ng8 32. f4 gxf4 33. Kf3 Ne7 34. Kxf4 Ng6+ 35. Kg3 Ne5 36. Re1 f6 37. Bf1 d4 38. b3 Rd8 39. Kf4 Ke7 40. Kf5 Rg8 41. Bb5 Rg5+ 42. Kf4 Kd6 43. Rf1 Ke6 44. Ke4 h5 45. Be2 hxg4 46. hxg4 Nxg4 47. Bxg4+ Rxg4+ 48. Kd3 Rg3+ 49. Kc4 Rc3+ 50. Kb5 Rxc2 51. a4 Rc3 52. Kxb6 Kd5 53. Rf5+ Ke4 54. Rxf6 Rxb3+ 55. Kxc5 d3 56. Re6+ Kf3 57. Rd6 Ke2 58. a5 Ra3 59. Kb6 Rb3+ 60. Kc7 Rc3+ 61. Kb6 Rb3+ 62. Kc7 Rb5 63. a6 Ra5 64. Kb7 d2 65.
Rxd2+ Kxd2 66. a7 Rxa7+ 67. Kxa7 1/2-1/2

[Event "*** Titled Tuesday Blitz"]
[Site "Chess.com"]
[Date "2020.04.14"]
[Round "5"]
[White "checkmatequen"]
[Black "vasblesk"]
[Result "0-1"]
[WhiteElo "2208"]
[BlackElo "2375"]
[TimeControl "180+1"]
[EndTime "10:51:57 PDT"]
[Termination "vasblesk won by resignation"]

1. e4 Nf6 2. e5 Nd5 3. d4 d6 4. c4 Nb6 5. exd6 cxd6 6. Nc3 g6 7. Be3 Bg7 8. b3 O-O 9. Rc1 Bf5 10. Nf3 d5 11. c5 Nc8 12. Be2 Nc6 13. O-O Bg4 14. h3 Bxf3 15. Bxf3 e6 16. a3 N8e7 17. b4 a6 18. Ne2 Nf5 19. Qd2 Nh4 20. Bg5 Nxf3+ 21. gxf3 f6 22. Bh6 Qe7 23. Kh1 Bxh6 24. Qxh6 Qg7 25. Qxg7+ Kxg7 26. Nf4 Rae8 27. Rcd1 Kf7 28. h4 Ne7 29. Kg2 Nf5 30. Rh1 h5 31. Rd2 Re7 32. Kh3 Rh8 33. Rb1 Nxh4 34. Kxh4 g5+ 35. Kg3 h4+ 36. Kg4 gxf4 37. Kxf4 h3 38. Rh1 Ke8 39. Rh2 Rg7 40. Rd1 Rh4+ 41. Ke3 Kd7 42. Rdh1 Rgh7 43. f4 Kc6 44. Kf3 Kb5 45. Kg3 Kc4 46.
Rxh3 Rxh3+ 47. Rxh3 Rxh3+ 48. Kxh3 Kxd4 49. Kg4 Ke4 50.
a4 d4 51. b5 axb5 52. axb5 Kd5 53. c6 bxc6 54. b6 Kd6 55. Kf3 c5 56. Ke4 Kc6 57.
Kd3 Kxb6 58. Kc4 Kc6 59. f3 f5 0-1

[Event "*** Titled Tuesday Blitz"]
[Site "Chess.com"]
[Date "2020.04.14"]
[Round "5"]
[White "crescentmoon2411"]
[Black "okriak"]
[Result "0-1"]
[WhiteElo "2898"]
[BlackElo "2803"]
[TimeControl "180+1"]
[EndTime "10:51:59 PDT"]
[Termination "okriak won on time"]

1. e4 e5 2. Nf3 Nc6 3. Bb5 a6 4. Bxc6 dxc6 5. d4 exd4 6. Qxd4 Qxd4 7. Nxd4 Bd7 8. Nc3 O-O-O 9. Bf4 Bb4 10. Ne2 Ne7 11.
O-O-O Ng6 12. Bg3 h5 13. h4 Rhe8 14. a3 Bf8 15. Nd4 Ne5 16. f3 g6 17. Bf4 Bg7 18.
Bg5 f6 19. Bf4 Bf8 20. Nde2 b6 21. a4 a5 22. b3 Bb4 23. Kb2 Bd6 24. Nb1 Kb7 25.
Nbc3 Be6 26. Be3 Bf7 27. Rd2 Bb4 28. Rhd1 Rxd2 29. Bxd2 Bd6 30. Nc1 Rg8 31. N3e2 g5 32. hxg5 fxg5 33. Nd4 h4 34. Rh1 Nd7 35. Nce2 Nf6 36.
Bc3 Nh5 37. Nf5 Bf8 38. Be5 Be6 39. Rd1 Kc8 40. Kc1 g4 41. Nxh4 Be7 42. Nf5 Bxf5 43. exf5 gxf3 44. gxf3 Rf8 45. Nd4 c5 46. Nc6 Bg5+ 47.
Kb1 Rxf5 48. f4 Nxf4 49. Bxf4 Rxf4 50. Ne5 Bf6 51. Nc4 Kb7 52. Re1 Bc3 53. Rd1 c6 54. Nd6+ Ka6 55. Nc4 b5 56. Nb2 Kb6 57.
Rh1 c4 0-1

[Event "*** Titled Tuesday Blitz"]
[Site "Chess.com"]
[Date "2020.04.14"]
[Round "5"]
[White "Tjktiger"]
[Black "Faqade"]
[Result "1-0"]
[WhiteElo "2832"]
[BlackElo "2636"]
[TimeControl "180+1"]
[EndTime "10:51:59 PDT"]
[Termination "Tjktiger won on time"]

1. c4 Nf6 2. Nc3 g6 3. g3 Bg7 4. Bg2 O-O 5. d4 d6 6. Nf3 Nc6 7. O-O e5 8. dxe5 Nxe5 9. b3 Nxf3+ 10. Bxf3 Bh3 11. Re1 c6 12. Be3 Re8 13. Bd4 Qe7 14. Qd2 h5 15. Rad1 h4 16. gxh4 Rad8 17. Qg5 Bf5 18. e4 Be6 19. Kh1 c5 20. Be3 Nh7 21.
Qxe7 Rxe7 22. Nd5 Bxd5 23. exd5 Bf6 24. h5 Bg5 25. hxg6 fxg6 26. Bxg5 Rxe1+ 27. Rxe1 Nxg5 28. Bg4 Kf7 29. f4 Nh7 30. f5 Nf6 31. fxg6+ Kxg6 32. Be6 Nh5 33. Rf1 Ng7 34. Bf7+ Kg5 35. Rg1+ Kf6 36. Bg6 Ke5 37. Kg2 Rf8 38. Re1+ Kf6 39. Rf1+ Ke7 40. Re1+ Kd7 41. h4 Nf5 42. Bxf5+ Rxf5 43. Kg3 a6 44. Re2 b5 45. Kg4 Rf1 46. h5 bxc4 47. bxc4 Rc1 48. Re4 Ra1 49. h6 Rxa2 50. Kg5 Rg2+ 51. Kf6 Rh2 52. Re7+ Kd8 53. Rh7 a5 54. Ke6 1-0

[Event "*** Titled Tuesday Blitz"]
[Site "Chess.com"]
[Date "2020.04.14"]
[Round "5"]
[White "enzovsky"]
[Black "Poghosyan_Suren"]
[Result "1-0"]
[WhiteElo "2336"]
[BlackElo "2503"]
[TimeControl "180+1"]
[EndTime "10:51:59 PDT"]
[Termination "enzovsky won by resignation"]

1. e4 e6 2. d4 d5 3. Nc3 Bb4 4.
e5 c5 5. a3 Bxc3+ 6. bxc3 Qc7 7.
Qg4 f6 8. Nf3 Nc6 9. Bb5 cxd4 10. Nxd4 fxe5 11. Nxe6 Bxe6 12. Qxe6+ Ne7 13. Bg5 Qd7 14.
Bxc6 bxc6 15. Qxe5 O-O 16. O-O Nf5 17. Qe2 Nd6 18.
f3 Rae8 19. Qf2 Ne4 20. Qe3 Ng3 21. Qd2 Nxf1 22. Rxf1 c5 23. h4 d4 24. Kh1 h6 25. Bf4 Qb5 26. Rd1 Re2 27. Qc1 dxc3 28.
Bxh6 gxh6 29. Qxh6 Re7 30. Rd6 Rg7 31. Qe6+ Rff7 32.
Rd8+ Kh7 33. Qe4+ Rg6 34. h5 Rf6 35. hxg6+ Rxg6 36. Qe7+ Rg7 37. Qh4+ Kg6 38. Rd6+ Kf7 39. Qf6+ Kg8 40. Rd8+ Kh7 41. Qf5+ Rg6 42. Qh5+ Kg7 43.
Rg8+ Kxg8 44. Qxg6+ Kf8 45. Qf6+ Ke8 46. Qxc3 Kd7 47.
Qd3+ Kc6 48. Qxb5+ Kxb5 49. g4 Kc4 50. g5 Kc3 51. g6 Kxc2 52. g7 Kd2 53. g8=Q c4 54.
Qxc4 Ke3 55. f4 Kf2 56. f5 a5 57. f6 a4 58. f7 Kg3 59. f8=Q Kh3 60. Qh8+ 1-0

[Event "*** Titled Tuesday Blitz"]
[Site "Chess.com"]
[Date "2020.04.14"]
[Round "5"]
[White "HrvojeZagreb"]
[Black "Sunnika"]
[Result "1/2-1/2"]
[WhiteElo "2196"]
[BlackElo "2350"]
[TimeControl "180+1"]
[EndTime "10:51:59 PDT"]
[Termination "Game drawn - insufficient material"]

1. d4 Nf6 2. Bf4 c5 3. e3 Qb6 4. Na3 d6 5. Nc4 Qc7 6. a4 g6 7. c3 Bg7 8. h3 O-O 9. Nf3 Nbd7 10.
Be2 b6 11. O-O Bb7 12. Nfd2 a6 13. Bf3 b5 14. axb5 axb5 15. Rxa8 Rxa8 16. Na3 Qb6 17.
Bxb7 Qxb7 18. Qb3 Rb8 19. Bh2 c4 20. Qa2 Ra8 21. Qb1 d5 22. Re1 b4 23. cxb4 Qxb4 24. Nf3 c3 25. Nc2 Qxb2 26. Qxb2 cxb2 27. Rb1 Ra2 28.
Nfe1 Ne4 29. Nd3 Nb6 30. Rxb2 Rxb2 31. Nxb2 Nc4 32. Nxc4 dxc4 33. f3 Nd6 34. Kf1 Nb5 35.
Ke2 e6 36. Be5 Bf8 37. Kd2 Be7 38. e4 f6 39. Bf4 Kf7 40. Be3 Ke8 41. Bf2 Kd7 42.
Ne3 Bb4+ 43. Kd1 c3 44. Nc2 Ba5 45. Ke2 Kc6 46. Kd3 f5 47. Be1 h5 48. g4 fxe4+ 49. fxe4 hxg4 50. hxg4 Nd6 51. Bxc3 Bxc3 52. Kxc3 Nxe4+ 53. Kd3 Nf2+ 54. Kc4 Nxg4 55. Nb4+ Kd6 56. Nd3 Nf6 57.
Ne5 g5 58. Nf7+ Ke7 59. Nxg5 Kd6 60. Nxe6 Kxe6 61. d5+ Nxd5 1/2-1/2

[Event "*** Titled Tuesday Blitz"]
[Site "Chess.com"]
[Date "2020.04.14"]
[Round "5"]
[White "AliKa2810"]
[Black "LittlePeasant"]
[Result "0-1"]
[WhiteElo "2621"]
[BlackElo "2822"]
[TimeControl "180+1"]
[EndTime "10:52:00 PDT"]
[Termination "LittlePeasant won on time"]

1. d4 Nf6 2. c4 c5 3. d5 b5 4. cxb5 a6 5. bxa6 Bxa6 6. Nc3 g6 7. Nf3 d6 8. e4 Bxf1 9. Kxf1 Bg7 10. g3 O-O 11. Kg2 Nbd7 12. a4 Ra6 13. Qc2 Qa8 14. Nb5 Qb7 15. Bd2 e6 16. dxe6 fxe6 17. Rhe1 d5 18.
exd5 exd5 19. Re7 Ne4 20. Re1 Raf6 21. Bf4 Qc6 22. Kg1 h6 23. Nd2 Nxf2 24. Kxf2 g5 25. Nf3 gxf4 26. g4 R6f7 27. Rxf7 Rxf7 28. Re8+ Nf8 29.
Qe2 c4 30. Kg2 Qc5 31. Qe6 d4 32. Nd6 Qc7 33. Nxf7 Qxf7 34. Qxf7+ Kxf7 35. Rd8 Ne6 36. Rd7+ Ke8 37. Rd5 c3 38. bxc3 dxc3 39. Rd6 Ke7 40. Rc6 Kd7 41. Rc4 Kd6 42. Kf2 Kd5 43. Rc8 Nc5 44. Ne1 Ke4 45. Re8+ Be5 46. Rc8 Bd4+ 47. Ke2 f3+ 48. Kf1 f2 49. Re8+ Kd5 50. Nc2 Kc4 51. Rd8 Ne6 52. Rc8+ Kd3 53. Nb4+ Kd2 54. Rc6 Bc5 55.
Rxe6 Bxb4 56. Re2+ Kd3 57. Kxf2 Bc5+ 0-1

[Event "*** Titled Tuesday Blitz"]
[Site "Chess.com"]
[Date "2020.04.14"]
[Round "5"]
[White "albi1999"]
[Black "Hadza_3"]
[Result "1-0"]
[WhiteElo "2588"]
[BlackElo "2397"]
[TimeControl "180+1"]
[EndTime "10:52:00 PDT"]
[Termination "albi1999 won by resignation"]

1. d4 Nf6 2. c4 e6 3. Nf3 Bb4+ 4. Bd2 Bxd2+ 5. Qxd2 d6 6. Nc3 Nc6 7. g3 O-O 8. Bg2 Qe8 9. O-O Bd7 10. e4 e5 11.
h3 Nxd4 12. Nxd4 exd4 13. Qxd4 Bc6 14. Rfe1 Qe5 15. Rad1 Qxd4 16. Rxd4 Nd7 17. Nd5 Bxd5 18. cxd5 a5 19. a3 a4 20. Rc4 Nc5 21. e5 Rfe8 22. f4 b6 23. e6 fxe6 24. dxe6 Ra5 25. Re3 Kf8 26. f5 Ke7 27. Rh4 h6 28. Rg4 Kf6 29. Bc6 Re7 30. Rf4 g5 31. fxg6+ Kxg6 32. Bd5 c6 33. Rf7 Raa7 34. Bxc6 Rxf7 35. Be8 Kg7 36. Bxf7 Re7 37. Kf1 Kf6 38. Ke2 Nxe6 39. Bxe6 Rxe6 40.
Rxe6+ Kxe6 41. Ke3 Ke5 42. g4 Kd5 43. h4 Ke5 44. g5 hxg5 45. hxg5 Kf5 46. Kd4 Kxg5 47.
Kd5 Kf4 48. Kxd6 Ke3 49. Kc6 Kd2 50. Kxb6 Kc2 51. Kb5 Kb3 52. Ka5 Kc4 53. Kxa4 Kc5 54. Ka5 Kc6 55. b4 Kc7 56. b5 Kb8 57. a4 Ka8 58.
Kb4 Kb8 59. a5 Ka8 60. Kc5 Ka7 61. Kc6 Kb8 62. Kb6 Ka8 63. a6 Kb8 64. Kc6 Ka8 65.
b6 Kb8 66. b7 Ka7 67. Kc7 1-0

[Event "*** Titled Tuesday Blitz"]
[Site "Chess.com"]
[Date "2020.04.14"]
[Round "5"]
[White "isla88"]
[Black "Playgood28"]
[Result "1-0"]
[WhiteElo "2286"]
[BlackElo "2153"]
[TimeControl "180+1"]
[EndTime "10:52:00 PDT"]
[Termination "isla88 won on time"]

1. c4 f5 2. d4 Nf6 3. Nc3 g6 4.
g3 Bg7 5. Bg2 O-O 6. e3 d6 7.
Nge2 c6 8. b4 e5 9. dxe5 dxe5 10.
Qb3 Kh8 11. Bb2 a5 12. a3 Qe7 13. O-O Na6 14. c5 Be6 15. Qa4 axb4 16. axb4 Nc7 17. Qc2 Nfd5 18. Nxd5 Bxd5 19. Rxa8 Rxa8 20. Ra1 Rxa1+ 21.
Bxa1 Bxg2 22. Kxg2 h6 23. h4 Nd5 24. Qa4 Kh7 25.
Nc3 Nxc3 26. Bxc3 e4 27. Bxg7 Kxg7 28. Qa1+ Kh7 29. Qd4 h5 30. Qd6 Qf7 31. Qe5 Kg8 32. Qd4 Kf8 33. Kf1 Ke8 34. Qe5+ Kd7 35. Qd6+ Kc8 36.
Kg2 Qe8 37. Kg1 Qf7 38. Kf1 Qe8 39. Ke2 Qf7 40. Qd2 Qc4+ 41. Ke1 Qf7 42. Qb2 Qe6 43.
Qh8+ Kc7 44. Qg7+ Kb8 45. Qc3 Ka7 46. Kd2 Kb8 47. Qb2 Kc7 48. Kc3 Qf6+ 49. Kb3 Qe6+ 50. Ka4 Kb8 51. Ka5 Ka7 52. Ka4 Qc4 53. Ka3 Ka6 54. Qa1 Kb5 55. Qb2 Qd3+ 56. Ka2 Qc4+ 57. Ka3 Qd3+ 58. Qb3 Qxb3+ 59. Kxb3 b6 60. cxb6 Kxb6 61.
Kc4 1-0

[Event "*** Titled Tuesday Blitz"]
[Site "Chess.com"]
[Date "2020.04.14"]
[Round "5"]
[White "Stormeman100100"]
[Black "GMKrikor"]
[Result "0-1"]
[WhiteElo "2453"]
[BlackElo "2699"]
[TimeControl "180+1"]
[EndTime "10:52:01 PDT"]
[Termination "GMKrikor won on time"]

1. e4 c5 2. Nf3 g6 3. c4 Nc6 4. d4 cxd4 5. Nxd4 Nf6 6. Nc3 d6 7.
Be2 Nxd4 8. Qxd4 Bg7 9. Be3 O-O 10. Qd2 a5 11. O-O a4 12. f3 Qa5 13. Rfd1 Be6 14.
Nd5 Nxd5 15. cxd5 Qxd2 16. Rxd2 Bd7 17. Rc1 Rfc8 18. Rdc2 f5 19. Kf2 fxe4 20. fxe4 Rxc2 21. Rxc2 Rc8 22. Rxc8+ Bxc8 23. b3 axb3 24. axb3 Be5 25. h3 Bd7 26. Kf3 Kf7 27. Kf2 Kf6 28. Bg4 Bb5 29.
Be6 Kg7 30. Bc8 Ba6 31. Kf3 Bc3 32. g4 h6 33. h4 Bf6 34. g5 hxg5 35. Bxg5 Kf7 36.
Bxf6 exf6 37. Kf4 Ke7 38. b4 Kf7 39. b5 Bxb5 40. Bxb7 Bd3 41. Bc8 Kg7 42. Bg4 Bc2 43.
Bf3 Kh6 44. Bg4 Bb1 45. Bf3 Kg7 46. Bg4 Bc2 47. Ke3 Bb1 48. Kd4 Kh6 49. Ke3 g5 50.
hxg5+ Kxg5 51. Bf5 Ba2 52. Bh7 Bb3 53. Bf5 Bxd5 54. Bh7 Be6 55. Kd4 Kh6 0-1

[Event "*** Titled Tuesday Blitz"]
[Site "Chess.com"]
[Date "2020.04.14"]
[Round "5"]
[White "Rsnr"]
[Black "Grischuk"]
[Result "0-1"]
[WhiteElo "2871"]
[BlackElo "3099"]
[TimeControl "180+1"]
[EndTime "10:52:02 PDT"]
[Termination "Grischuk won by resignation"]

1. d4 Nf6 2. c4 g6 3. g3 Bg7 4. Bg2 O-O 5. Nc3 d6 6. Nf3 Nbd7 7. O-O e5 8. h3 Re8 9. e4 exd4 10.
Nxd4 Nc5 11. Re1 Bd7 12. Rb1 a5 13. f3 h5 14. Be3 a4 15. b4 axb3 16. axb3 c6 17. Qd2 Nh7 18. h4 Nf8 19. Red1 Qc7 20. Nde2 Ra3 21. b4 Nce6 22. Rbc1 Rb3 23. Nd5 Qb8 24.
Nb6 Bc8 25. Rb1 Ra3 26. Bf2 Rd8 27. Qc2 Qc7 28. Rd3 Rxd3 29. Qxd3 Nd7 30. Nxc8 Rxc8 31. f4 Nf6 32. Rd1 Bf8 33. Bh3 Re8 34. Nc3 Ng4 35. Bxg4 hxg4 36. Na4 Ra8 37. Bb6 Qe7 38. Nc3 Ra3 39. Qd2 Qf6 40. Ne2 Rb3 41. Rc1 Qb2 42.
Qxb2 Rxb2 43. Nd4 Rxb4 44. Nxe6 fxe6 45. Be3 Kf7 46. Rc2 Bg7 47. Kf2 Rb2 48. Rxb2 Bxb2 49. Ke2 d5 50. exd5 exd5 51. cxd5 cxd5 52. Kd3 Ke6 53. Bc5 b5 54. Bb4 Bf6 55. Bd2 Bd8 56.
Bb4 Bb6 57. Be1 Bc5 58. Bc3 Bf2 0-1

[Event "*** Titled Tuesday Blitz"]
[Site "Chess.com"]
[Date "2020.04.14"]
[Round "5"]
[White "googlegoom"]
[Black "Bagirova"]
[Result "1-0"]
[WhiteElo "2504"]
[BlackElo "2217"]
[TimeControl "180+1"]
[EndTime "10:52:02 PDT"]
[Termination "googlegoom won on time"]

1. Nf3 f5 2. b3 Nf6 3. Bb2 g6 4.
e3 Bg7 5. d4 d6 6. Nbd2 O-O 7. Bd3 h6 8. O-O Be6 9. c4 Bf7 10. Qc2 Nbd7 11. e4 fxe4 12. Nxe4 Kh7 13. d5 Nxe4 14. Bxe4 Nc5 15. Bxg7 Kxg7 16. Qc3+ Kh7 17. Bc2 e5 18. dxe6 Nxe6 19. g3 Ng5 20. Nh4 Qd7 21. Qf6 Rg8 22. Rae1 Qc6 23. f3 Rae8 24. Re7 Rxe7 25. Qxe7 Qc5+ 26. Kg2 Qe5 27. Re1 Qxe7 28. Rxe7 Rg7 29. Rxc7 Ne6 30. Rxb7 Nd4 31.
Rxf7 Nxc2 32. Rxg7+ Kxg7 33. f4 Nb4 34. a3 Nc2 35. a4 Na1 36. b4 Nc2 37. c5 Nxb4 38.
cxd6 Kf6 39. d7 Nc6 40. Kf2 g5 41. fxg5+ hxg5 42. Nf3 Ke7 43. Nxg5 Kxd7 44. h4 Ke7 45. Ne4 Ke6 46. g4 Ke5 47. Nc5 Kf4 48. g5 Kg4 49. g6 Kxh4 50. g7 Ne7 51. Ke3 Kg5 52. Kd4 Kg6 53.
Ke5 Kxg7 54. Kd6 Kf6 55. Nd7+ 1-0

[Event "*** Titled Tuesday Blitz"]
[Site "Chess.com"]
[Date "2020.04.14"]
[Round "5"]
[White "Nesty_Javi_Chess"]
[Black "rynos0411"]
[Result "1-0"]
[WhiteElo "2781"]
[BlackElo "2408"]
[TimeControl "180+1"]
[EndTime "10:52:02 PDT"]
[Termination "Nesty_Javi_Chess won on time"]

1. e4 e5 2. Nf3 Nc6 3. d4 exd4 4. Bc4 Nf6 5. O-O Nxe4 6. Re1 d5 7. Bxd5 Qxd5 8. Nc3 Qh5 9. Nxe4 Be6 10. Bg5 Be7 11.
Bxe7 Nxe7 12. Nxd4 Qxd1 13. Raxd1 O-O-O 14. Nxe6 fxe6 15. Ng5 Rxd1 16. Rxd1 Nf5 17. Nxe6 Re8 18. Nf4 g5 19. Nd3 Re2 20. c3 Re7 21. Kf1 Nd6 22. Re1 Rf7 23. Re5 h6 24. Re6 h5 25. Rh6 h4 26. Rg6 Rf5 27.
Ke2 Kd7 28. Rg7+ Kc6 29. g4 hxg3 30. hxg3 a5 31. b3 Ne4 32. c4 Nc3+ 33. Kd2 Nxa2 34.
Rg6+ Kd7 35. g4 Rf8 36. Rxg5 Nb4 37. Nxb4 axb4 38. Ke3 Re8+ 39. Kd3 Rf8 40. Rd5+ Ke6 41. Ke3 c6 42. Rd1 Ra8 43. f4 Rh8 44. Rd3 Rh3+ 45. Ke4 Rh1 46. g5 Re1+ 47. Re3 Rf1 48. g6 Kf6 49. Rg3 Re1+ 50. Kd4 Rf1 51. g7 Rxf4+ 52. Kc5 Rf5+ 53. Kb6 1-0

[Event "*** Titled Tuesday Blitz"]
[Site "Chess.com"]
[Date "2020.04.14"]
[Round "5"]
[White "CaspiIsrael"]
[Black "I_like_Kasparov"]
[Result "1-0"]
[WhiteElo "2540"]
[BlackElo "2364"]
[TimeControl "180+1"]
[EndTime "10:52:03 PDT"]
[Termination "CaspiIsrael won by checkmate"]

1. e4 c5 2. Nf3 e6 3. d4 cxd4 4. Nxd4 a6 5. Nc3 Qc7 6. Bd3 Nf6 7. O-O Be7 8. Qe2 d6 9. f4 Nbd7 10. Bd2 g6 11. Kh1 e5 12. fxe5 Nxe5 13. Bg5 Qd8 14. Bh6 Neg4 15. Bd2 O-O 16. h3 Nh5 17. Be1 Ne5 18. Nd5 Bh4 19. Bxh4 Qxh4 20. Qf2 Ng3+ 21. Kg1 Ng4 22. Nf6+ Nxf6 23. Qxf6 Qxf6 24. Rxf6 Re8 25. Rxd6 b5 26. Re1 Bb7 27. e5 Re7 28.
Kf2 Nh5 29. Be4 Bxe4 30. Rxe4 Rae8 31. Nf3 Ra7 32. g4 Ng7 33. c3 Ne6 34. Nd4 Nc5 35.
Re3 Rxe5 36. Rxe5 Nd3+ 37. Ke3 Nxe5 38. Ke4 Nc4 39. Rd8+ Kg7 40. b3 Re7+ 41. Kd3 Re3+ 42. Kc2 Na3+ 43. Kb2 b4 44. cxb4 Nb5 45. Nxb5 axb5 46.
a4 bxa4 47. bxa4 Rxh3 48. a5 Rg3 49. a6 Rxg4 50. Kb3 Rg1 51. a7 Ra1 52. a8=Q Rxa8 53.
Rxa8 h5 54. b5 h4 55. b6 h3 56. b7 h2 57. Ra1 g5 58. b8=Q g4 59. Qxh2 Kg6 60. Qf4 f5 61. Ra6+ Kh5 62. Rh6# 1-0

[Event "*** Titled Tuesday Blitz"]
[Site "Chess.com"]
[Date "2020.04.14"]
[Round "5"]
[White "mitrabhaa"]
[Black "RaphCamora"]
[Result "1-0"]
[WhiteElo "2623"]
[BlackElo "2427"]
[TimeControl "180+1"]
[EndTime "10:52:04 PDT"]
[Termination "mitrabhaa won by checkmate"]

1. Nf3 d5 2. c4 d4 3. e3 Nc6 4.
exd4 Nxd4 5. Nxd4 Qxd4 6. d3 e5 7. Nc3 c6 8. Be3 Qd8 9. d4 exd4 10. Qxd4 Qxd4 11. Bxd4 Ne7 12. O-O-O f6 13. f3 Nf5 14. Bf2 Kf7 15. g4 Ne7 16. h4 Ng6 17. Ne4 Ne5 18.
Be2 Be6 19. b3 Ba3+ 20. Kc2 Rhd8 21. Rhg1 Ng6 22. Bg3 h6 23. Nd6+ Bxd6 24. Bxd6 Rd7 25. h5 Ne7 26. f4 Rad8 27. c5 Nc8 28. f5 Bd5 29. Bf4 Be4+ 30. Kc1 Rxd1+ 31. Rxd1 Rxd1+ 32. Bxd1 Ne7 33. Kd2 Nd5 34. Bb8 a6 35. a3 Bg2 36. b4 Bf1 37. Bf3 Bc4 38. Bg3 Bb3 39. Kd3 Ba2 40. Kd4 Bb3 41. Be1 Ba2 42. Bd2 Bb3 43.
Be2 Ba2 44. Bd1 Bb1 45. a4 Ke7 46. Bb3 Kd7 47. b5 axb5 48. axb5 Nc7 49. b6 Nb5+ 50.
Kc4 Be4 51. Bd1 Bd5+ 52. Kb4 Bf7 53. Bf4 Nd4 54. Bd6 Ke8 55. Kc3 Nb5+ 56. Kb4 Nxd6 57.
cxd6 Kd7 58. Kc5 Bd5 59. Be2 Bg2 60. Ba6 Kc8 61. Bxb7+ Kd7 62. Ba6 Bf1 63. Bxf1 Kc8 64. Ba6+ Kb8 65. d7 Ka8 66. d8=Q# 1-0